 Dungeon Sprint DCSS version 0.17-a0-1778-gd369669 (webtiles) character file.

291 KambridgeKobold the Nimble (level 6, -6/61 HPs)
             Began as a Minotaur Monk on Sept 8, 2015.
             Mangled by a yak (12 damage)
             ... in the Dungeon (Sprint I: "Red Sonja").
             The game lasted 00:02:09 (759 turns).

KambridgeKobold the Nimble (Minotaur Monk)           Turns: 759, Time: 00:02:09

Health: -6/61      AC:  2    Str: 15    XL:     6   Next: 10%
Magic:  5/5        EV: 18    Int:  7    God:
Gold:   310        SH:  0    Dex: 15    Spells: 0 memorised, 5 levels left

rFire  . . .     SeeInvis .     j - +0 dagger
rCold  . . .     Clarity  .     a - +0 robe
rNeg   . . .     SustAt   .     (no shield)
rPois  .         Gourm    .     (helmet restricted)
rElec  .         Spirit   .     (no cloak)
rCorr  .         Warding  .     (no gloves)
rMut   .         NoTele   +     (no boots)
MR     .....                    (no amulet)
Stlth  ++........               (no ring)
                                (no ring)

@: not resistant to hostile enchantments, unstealthy
A: retaliatory headbutt, horns 2
a: no special abilities


You were in the Dungeon.
You were not hungry.

You visited 1 branch You collected 310 gold pieces.

Inventory:

Hand weapons
 j - a +0 dagger (weapon)
Missiles
 k - 9 bolts
Armour
 a - a +0 robe (worn)
Scrolls
 h - a scroll of blinking
Potions
 c - a potion of curing
 d - a potion of heal wounds
 e - a potion of haste
 f - 2 potions of magic
 g - a potion of berserk rage
Comestibles
 b - a bread ration
 i - 4 chunks of flesh


   Skills:
 + Level 7.8 Fighting
 + Level 5.3 Short Blades
 + Level 6.8 Armour
 * Level 9.7 Dodging
 - Level 1.5 Stealth
 - Level 4.3 Unarmed Combat


You had 5 spell levels left.
You didn't know any spells.

Dungeon Overview and Level Annotations

Branches:
Dungeon (1/1)

Altars:
Elyvilon
Gozag
Kikubaaqudgha
Makhleb
Nemelex Xobeh
Qazlal
Ru
Sif Muna
Vehumet
Xom
Yredelemnul
Zin
The Shining One

Shops:
D [


Innate Abilities, Weirdness & Mutations

You reflexively headbutt those who attack you in melee.
You have a pair of horns on your head.


Message History

You hit the yak.
The yak is moderately wounded.
The yak barely misses you.
You hit the yak but do no damage.
The yak is moderately wounded.
The yak gores you.
You hit the yak.
The yak is heavily wounded.
The yak gores you!
* * * LOW HITPOINT WARNING * * *
You hit the yak. Your headbutt misses the yak.
The yak is heavily wounded.
You closely miss the yak. You headbutt the yak!
The yak is severely wounded.
The yak gores you!
* * * LOW HITPOINT WARNING * * *
You hit the yak but do no damage. Your headbutt misses the yak.
The yak is severely wounded.
The yak gores you!
You die...

################
#<.#..').#..'..#
#..'..#..').#..+
#..#####'#####'#
#..# #..#...#.#
#..#__####..##.#
#..#_..__##'#..+
#⌠⌠#_.∩...Y@.._#
####_..._##_.#+#
___ ##+# #


You could see a yak.

Vanquished Creatures
  Sigmund (D)
  An ogre (D)
  Ijyb (D)
  A jelly (D)
4 creatures vanquished.

Vanquished Creatures (others)
  A gargoyle (D)
1 creature vanquished.

Grand Total: 5 creatures vanquished

Notes
Turn   | Place    | Note
--------------------------------------------------------------
     0 | D        | KambridgeKobold the Minotaur Monk began the quest for the Orb.
     0 | D        | Reached XP level 1. HP: 19/19 MP: 0/0
     4 | D        | Noticed Ijyb
    14 | D        | Killed Ijyb
    14 | D        | Reached skill level 5 in Fighting
    14 | D        | Reached skill level 5 in Dodging
    14 | D        | Reached XP level 2. HP: 1/29 MP: 1/1
   152 | D        | Killed a gargoyle
   321 | D        | Noticed an ogre
   330 | D        | Killed an ogre
   330 | D        | Reached skill level 6 in Fighting
   330 | D        | Reached skill level 7 in Dodging
   330 | D        | Reached XP level 3. HP: 14/37 MP: 2/2
   330 | D        | Reached XP level 4. HP: 16/44 MP: 3/3
   528 | D        | Noticed Sigmund
   539 | D        | Killed Sigmund
   539 | D        | Reached skill level 5 in Short Blades
   539 | D        | Reached skill level 9 in Dodging
   539 | D        | Reached XP level 5. HP: 45/53 MP: 4/4
   586 | D        | Found a deep blue altar of Sif Muna.
   587 | D        | Noticed a jelly
   588 | D        | Found a radiant altar of Vehumet.
   600 | D        | Killed a jelly
   600 | D        | Reached XP level 6. HP: 31/61 MP: 5/5
   748 | D        | Found Rokitz's Armour Emporium.
   748 | D        | Found a white marble altar of Elyvilon.
   748 | D        | Found a stormy altar of Qazlal.
   748 | D        | Found a burning altar of Makhleb.
   748 | D        | Found a sacrificial altar of Ru.
   748 | D        | Found a basalt altar of Yredelemnul.
   748 | D        | Found a glowing golden altar of the Shining One.
   748 | D        | Found a sparkling altar of Nemelex Xobeh.
   748 | D        | Found a shimmering altar of Xom.
   748 | D        | Found an opulent altar of Gozag.
   748 | D        | Found an ancient bone altar of Kikubaaqudgha.
   748 | D        | Found a glowing silver altar of Zin.
   748 | D        | Noticed a yak
   759 | D        | Mangled by a yak

Vault maps used:
D:        dungeon_sprint_1

Action                   |  1- 3 |  4- 6 || total
-------------------------+-------+-------++-------
Melee: Unarmed           |    15 |    15 ||    30
       Dagger            |       |    11 ||    11
 Stab: Sleeping          |       |     1 ||     1
